 Dungeon Crawl Stone Soup version 0.28-a0-390-gb254ac4902 (webtiles) character file.

Game seed: 5307753648710723586

514 Myro the Digger (level 7, 0/51 HPs)
             Began as a Gnoll Earth Elementalist on Sept 3, 2021.
             Slain by Duvessa (11 damage)
             ... on level 4 of the Dungeon.
             The game lasted 00:12:49 (5031 turns).

Myro the Digger (Gnoll Earth Elementalist)          Turns: 5031, Time: 00:12:50

Health: 0/51       AC:  3    Str:  7    XL:     7   Next: 20%
Magic:  6/15       EV: 19    Int: 20    God:
Gold:   99         SH:  0    Dex: 18    Spells: 14/17 levels left

rFire   . . .      SeeInvis .   d - +0 dagger
rCold   . . .      Faith    .   (no shield)
rNeg    . . .      Spirit   .   v - +0 robe
rPois   .          Reflect  .   (no helmet)
rElec   .          Harm     .   (no cloak)
rCorr   .          Rampage  .   (no gloves)
Will    +....                   q - +0 pair of boots
Stlth   +++.......              (no amulet)
HPRegen 0.17/turn               p - ring of Suspected Treachery {Contam EV+4 Int+3 Dex+6}
MPRegen 0.14/turn               l - ring of willpower

@: no status effects
A: fangs 1, strong nose, distributed training
a: no special abilities


You were on level 4 of the Dungeon.
You visited 1 branch of the dungeon, and saw 4 of its levels.

You collected 99 gold pieces.

Inventory:

Hand Weapons
 d - a +0 dagger (weapon)
Missiles
 a - 16 poisoned darts
 c - 37 stones
Armour
 q - a +0 pair of boots (worn)
 v - a +0 robe (worn)
Magical Staves
 o - a staff of air
Jewellery
 l - a ring of willpower (right hand)
 p - the ring of Suspected Treachery (left hand) {Contam EV+4 Int+3 Dex+6}
   (You found it on level 4 of the Dungeon)

   [ring of evasion]

   EV:        It affects your evasion (+4).
   Int:       It affects your intelligence (+3).
   Dex:       It affects your dexterity (+6).
   Contam:    It causes magical contamination when unequipped.
Scrolls
 b - a scroll of holy word {unknown}
 e - a scroll of immolation {unknown}
 f - a scroll of enchant armour {unknown}
 m - a scroll of identify {unknown}
Potions
 g - a potion of brilliance {unknown}
 h - a potion of heal wounds
 i - a potion of haste {unknown}
 k - a potion of ambrosia {unknown}
 n - a potion of flight {unknown}
 r - a potion of resistance {unknown}
 s - 2 potions of might {unknown}
 t - a potion of invisibility {unknown}
 u - a potion of curing {unknown}


   Skills:
 + Level 2.3 Fighting
 + Level 2.3 Short Blades
 + Level 2.3 Long Blades
 + Level 2.3 Axes
 + Level 2.3 Maces & Flails
 + Level 2.3 Polearms
 + Level 2.3 Staves
 + Level 2.3 Slings
 + Level 2.3 Bows
 + Level 2.3 Crossbows
 + Level 2.3 Throwing
 + Level 2.3 Armour
 + Level 5.1 Dodging
 + Level 4.8 Stealth
 + Level 2.3 Shields
 + Level 2.3 Unarmed Combat
 + Level 5.5 Spellcasting
 + Level 1.9 Conjurations
 + Level 1.9 Hexes
 + Level 1.9 Summonings
 + Level 1.9 Necromancy
 + Level 1.9 Translocations
 + Level 2.9 Transmutations
 + Level 1.9 Fire Magic
 + Level 1.9 Ice Magic
 + Level 1.9 Air Magic
 + Level 5.8 Earth Magic
 + Level 1.9 Poison Magic
 + Level 2.5 Invocations
 + Level 2.3 Evocations


You had 14 spell levels left.
You knew the following spells:

 Your Spells              Type           Power      Damage    Failure   Level
a - Sandblast             Erth           56%        2d13      1%          1
b - Passwall              Tmut/Erth      18%        N/A       2%          2

Your spell library contained the following spells:

 Spells                   Type           Power      Damage    Failure   Level
 Stone Arrow              Conj/Erth      42%        3d9       7%          3
 Call Canine Familiar     Summ           13%        N/A       16%         3
 Portal Projectile        Hex/Tloc       26%        N/A       16%         3
 Petrify                  Tmut/Erth      22%        N/A       19%         4
 Leda's Liquefaction      Hex/Erth       10%        N/A       22%         4


Dungeon Overview and Level Annotations

Branches:
Dungeon (4/15)
 Temple: D:4-7

Altars:
Makhleb

Annotations:
D:2 Terence
D:3 exclusion: adder, Grinder, Jessica, Sigmund
D:4 Duvessa


Innate Abilities, Weirdness & Mutations

You have very sharp teeth.
Your uncanny sense of smell can sniff out nearby items.
Your experience applies equally to all skills.


Message History

Dowan says, "Stay away from my face!"
The blast of sand hits Dowan!!
You kill Dowan!
Duvessa weeps, then rights herself and shakes her weapon.
Duvessa goes berserk!
The blast of sand hits Duvessa.
Duvessa is lightly wounded.
Duvessa hits you with a +0 short sword.
The blast of sand hits Duvessa!
Duvessa is moderately wounded.
Duvessa misses you. Duvessa hits you with a +0 short sword!
The blast of sand hits Duvessa!
Duvessa is heavily wounded.
Duvessa closely misses you.
The blast of sand hits Duvessa!
Duvessa is severely wounded.
Duvessa misses you. Duvessa hits you but does no damage.
The blast of sand hits Duvessa.
Duvessa is severely wounded.
Duvessa hits you with a +0 short sword.
The blast of sand hits Duvessa but does no damage.
Duvessa is severely wounded.
Duvessa hits you with a +0 short sword. Duvessa barely misses you.
Unknown command.
Aiming: Sandblast (safe; 1% risk of failure)
Press: ? - help, Q - select action, (/) - cycle Shift-Dir - straight line, f/p - Duvessa
Aim: Duvessa, wielding a +0 short sword and wearing a +0 leather armour (severely wounded, berserk, 83% to hit)
The blast of sand hits Duvessa but does no damage.
Duvessa is severely wounded.
Duvessa hits you with a +0 short sword!
* * * LOW HITPOINT WARNING * * *
The kobold misses you.
Aiming: Sandblast (safe; 1% risk of failure)
Press: ? - help, Q - select action, (/) - cycle Shift-Dir - straight line, f/p - Duvessa
Aim: Duvessa, wielding a +0 short sword and wearing a +0 leather armour (severely wounded, berserk, 83% to hit)
The blast of sand misses Duvessa.
Duvessa hits you with a +0 short sword.
* * * LOW HITPOINT WARNING * * *
The kobold misses you. Duvessa hits you with a +0 short sword!
You die...

............. ..#...# ##.#..≈≈
##.##....#### ###..)# #..##... ..
#.##.# #...# #...#### ### #.##.#
#...# #....... .####.##.# #...#
#......#
......##.########...######.#....#
...........................#.##.#
...#####.#............#..........
...# #.##.....@K.........#.##.#
...# #.########e..#####..#.##.#
#### ###.# #)..# #........ ..#
#...# .....# #.##.#.#. #.# #.###
##...## #.....### #.# #.# .....
######.#. #.####.# ######.#....#
##.# .......###.......#.#.# ###
#.#######.###$#....#.# ### #


You could see Duvessa (berserk) and a kobold.

Vanquished Creatures
  Menkaure (D:4)
  A black bear (D:3)
  A centaur (D:4)
  A scorpion (D:4)
  Dowan (D:4)
  A crimson imp (D:4)
  An adder (D:4)
  A howler monkey skeleton (D:4)
  A white imp (D:4)
  A worm (D:3)
  3 dart slugs
  3 orcs
  2 bats (D:1)
  3 endoplasms
  4 giant cockroaches
  6 goblins
  4 hobgoblins
  3 jackals (D:2)
  5 kobolds
  5 ball pythons
  4 frilled lizards
  5 rats
  A spectral hobgoblin (D:1)
58 creatures vanquished.

Notes
Turn   | Place    | Note
-------+----------+-------------------------------------------
     0 | D:1      | Myro the Gnoll Earth Elementalist began the quest for the
                  | Orb.
     0 | D:1      | Reached XP level 1. HP: 13/13 MP: 6/6
    56 | D:1      | Found a faded altar of an unknown god.
   148 | D:1      | Reached XP level 2. HP: 19/19 MP: 5/7
  1218 | D:2      | Reached XP level 3. HP: 25/25 MP: 9/9
  1277 | D:2      | Reached skill level 5 in Spellcasting
  1690 | D:2      | Reached skill level 1 in Invocations
  1974 | D:2      | Noticed Terence
  2592 | D:3      | Noticed Grinder
  2708 | D:3      | Found a burning altar of Makhleb.
  2848 | D:3      | Noticed Jessica
  2853 | D:3      | Noticed a black bear
  2874 | D:3      | Noticed Sigmund
  3076 | D:3      | Reached skill level 1 in Fighting
  3076 | D:3      | Reached skill level 1 in Short Blades
  3076 | D:3      | Reached skill level 1 in Long Blades
  3076 | D:3      | Reached skill level 1 in Axes
  3076 | D:3      | Reached skill level 1 in Maces & Flails
  3076 | D:3      | Reached skill level 1 in Polearms
  3076 | D:3      | Reached skill level 1 in Staves
  3076 | D:3      | Reached skill level 1 in Slings
  3076 | D:3      | Reached skill level 1 in Bows
  3076 | D:3      | Reached skill level 1 in Crossbows
  3076 | D:3      | Reached skill level 1 in Throwing
  3076 | D:3      | Reached skill level 1 in Armour
  3076 | D:3      | Reached skill level 1 in Shields
  3076 | D:3      | Reached skill level 1 in Unarmed Combat
  3076 | D:3      | Reached skill level 1 in Evocations
  3751 | D:4      | Noticed Menkaure
  3797 | D:4      | Learned a level 2 spell: Passwall
  3817 | D:4      | Reached XP level 4. HP: 27/32 MP: 8/11
  3842 | D:4      | Noticed Duvessa
  3842 | D:4      | Noticed Dowan
  4110 | D:4      | Identified the ring of Suspected Treachery {Contam EV+4
                  | Int+3 Dex+6}
  4303 | D:3      | Killed a black bear
  4304 | D:3      | Reached skill level 1 in Conjurations
  4304 | D:3      | Reached skill level 1 in Hexes
  4304 | D:3      | Reached skill level 1 in Summonings
  4304 | D:3      | Reached skill level 1 in Necromancy
  4304 | D:3      | Reached skill level 1 in Translocations
  4304 | D:3      | Reached skill level 1 in Fire Magic
  4304 | D:3      | Reached skill level 1 in Ice Magic
  4304 | D:3      | Reached skill level 1 in Air Magic
  4304 | D:3      | Reached skill level 1 in Poison Magic
  4304 | D:3      | Reached XP level 5. HP: 37/37 MP: 8/12
  4478 | D:4      | Reached XP level 6. HP: 31/44 MP: 9/13
  4842 | D:4      | Reached skill level 5 in Dodging
  4986 | D:4      | Killed Menkaure
  4987 | D:4      | Reached XP level 7. HP: 49/50 MP: 11/15
  5023 | D:4      | Killed Dowan
  5031 | D:4      | Slain by Duvessa

Illustrated notes

Levels and vault maps discovered:
D:1:      dpeg_arrival_stone_temple_mockup, layout_basic,
          dreamdust_ecumenical_altar_drowned_temple
D:2:      layout_basic, uniq_terence
D:3:      layout_loops_ring, mainiacjoe_overflow_tiny_flanked, uniq_grinder,
          uniq_jessica, uniq_sigmund
D:4:      black_bear_nest_1, layout_loops_cross, minmay_fire_ice_demons,
          uniq_menkaure, uniq_duvessa

Skill      XL: |  1  2  3  4  5  6 |
---------------+-------------------+-----
Transmutations | 2 |  2.9
Spellcasting   | 5 |  5.5
Invocations    | 1 2 |  2.5
Fighting       | 1 2 |  2.3
Short Blades   | 1 2 |  2.3
Long Blades    | 1 2 |  2.3
Axes           | 1 2 |  2.3
Maces & Flails | 1 2 |  2.3
Polearms       | 1 2 |  2.3
Staves         | 1 2 |  2.3
Slings         | 1 2 |  2.3
Bows           | 1 2 |  2.3
Crossbows      | 1 2 |  2.3
Throwing       | 1 2 |  2.3
Armour         | 1 2 |  2.3
Shields        | 1 2 |  2.3
Unarmed Combat | 1 2 |  2.3
Evocations     | 1 2 |  2.3
Conjurations   | 1 |  1.9
Hexes          | 1 |  1.9
Summonings     | 1 |  1.9
Necromancy     | 1 |  1.9
Translocations | 1 |  1.9
Fire Magic     | 1 |  1.9
Ice Magic      | 1 |  1.9
Air Magic      | 1 |  1.9
Poison Magic   | 1 |  1.9
Dodging        | 5 |  5.1
Stealth        | |  4.8
Earth Magic    | |  5.8

Action                   |  1- 3 |  4- 6 |  7- 9 || total
-------------------------+-------+-------+-------++-------
Melee: Dagger            |    14 |     9 |       ||    23
       Bite              |     1 |     3 |       ||     4
       Punch             |       |     1 |       ||     1
Throw: Dart              |       |    10 |       ||    10
 Cast: Sandblast         |    65 |    20 |    10 ||    95
       Passwall          |       |     3 |       ||     3
 Stab: Sleeping          |     4 |     3 |       ||     7
Armor: Robe              |     5 |     4 |     1 ||    10
Dodge: Dodged            |    31 |    23 |     6 ||    60

Table legend: (Time is in decaauts)
 A = Elapsed time spent in this place.
 B = Non-inter-level travel time spent in this place.
 C = Inter-level travel time spent in this place.
 D = Time resting spent in this place.
 E = Time spent auto-exploring this place.
 F = Levels seen in this place.
 G = Mean time per level.
                   A        B        C        D        E       F      G
               +--------+--------+--------+--------+--------+-----+--------+
         Total |   5033 |   4635 |    398 |    239 |   3456 |   4 | 1258.2 |
       Dungeon |   5033 |   4635 |    398 |    239 |   3456 |   4 | 1258.2 |
               +--------+--------+--------+--------+--------+-----+--------+

Top non-repeatable levels by time:
     D:1: 1407 daAuts
     D:3: 1379 daAuts
     D:2: 1181 daAuts
     D:4: 1066 daAuts
